Zazza, neutral female human Tourist ------ ---------------- ......d#fM@|..............| |....| aa..............| |....| |..............| |.|.q| ---------------- ----h- @ $ ---- |$.| |..| ---- Zazza the Sightseer Experience level: 5 Strength: 11 Dexterity: 13 Constitution: 15 Intelligence: 15 Wisdom: 10 Charisma: 18 Health: 0(37) Energy: 17(17) Def: 0 Gold: 118 Moves: 6955 Dungeon seed: ESopT-1MZWSgaNYa Game ID: Zazza_1599327788 Your Inventory: Coins $ - 118 gold pieces Amulets L - a cursed amulet of ESP (being worn) Weapons a - 18 +2 darts B - the rustproof +0 Cleaver (weapon in hands) K - 2 +0 daggers Comestibles g - an uncursed apple C - an uncursed pear M - an uncursed lizard corpse R - a cursed cram ration T - an uncursed sprig of wolfsbane Potions F - an uncursed potion of full healing Rings z - an uncursed ring of fire resistance (on left hand) Wands p - a wand of slow monster (0:2) t - a wand of lightning (0:0) Tools H - an uncursed mirror Gems y - 2 uncursed fluorite stones Spells and supernatural/magical abilities: Name Level Category Fail Memory K - cure sickness 3 healing 100% 93% W - pray for help -- divine ? -- Your skills at the end: Fighting Skills Weapon Skills dagger [Basic] dart [Basic] Spellcasting Skills Final Attributes: You were piously aligned. You were fire resistant. You were telepathic. You are dead. Vanquished creatures: a ghost a tengu a lizard a dingo a gnome mummy a bugbear a water nymph 2 rock piercers a fog cloud 3 shriekers a gnome lord a gray ooze a paper golem a baby crocodile 5 giant ants a little dog a dwarf 2 kobold lords 3 rothes a rabid rat a centipede a giant bat a dwarf zombie 5 iguanas 2 coyotes 4 hobbits 4 manes 2 hobgoblins 9 giant rats a cave spider 3 yellow molds a red mold 2 gnomes a gnome zombie 5 geckos 10 jackals 2 foxes a goblin 4 sewer rats 15 grid bugs 10 lichens 3 kobold zombies 5 newts 122 creatures vanquished. Voluntary challenges: You had followed a strict vegan diet until turn 2679. You had followed a strict vegetarian diet until turn 2679. You used a wielded weapon 78 times, starting on turn 780. You read items or engraved 45 times, starting on turn 222. You never genocided any monsters. You never polymorphed an object. You never changed form. You used no wishes. You never split a pudding. You wrote Elbereth's name 22 times, starting on turn 876. You violated your moral code, losing 1 point of alignment, starting on turn 5685. Dungeon overview: The Dungeons of Doom: levels 1 to 11 Level 1 a long staircase Level 2 Level 3 an altar to The Lady, a sink Level 4 stairs to The Gnomish Mines Level 5 a fountain Level 6 an altar to The Lady, a fountain Level 7 a potion shop, an altar to Offler Level 8 many fountains Level 9 Level 11 <- You were here The Gnomish Mines: Level 5 stairs to The Dungeons of Doom History has recorded: On T:1 you entered the Dungeons of Doom to retrieve the Amulet of Yendor! On T:349 you reached level 2 of The Dungeons of Doom. On T:797 you reached level 3 of The Dungeons of Doom. On T:1370 you reached level 4 of The Dungeons of Doom. On T:1478 you reached level 5 of The Dungeons of Doom. On T:2265 you reached level 1 of The Gnomish Mines. On T:2716 you reached level 6 of The Dungeons of Doom. On T:3354 you advanced to experience level 2. On T:3679 you reached level 7 of The Dungeons of Doom. On T:4163 you advanced to experience level 3. On T:4836 you reached level 8 of The Dungeons of Doom. On T:5028 you advanced to experience level 4. On T:5142 you reached level 9 of The Dungeons of Doom. On T:5442 you received Cleaver from The Lady. On T:6826 you reached level 11 of The Dungeons of Doom. On T:6905 you advanced to experience level 5. Score breakdown: Gold: 0 ( 0 points) Experience: 5 levels (11141 points) Exploration: 11 levels ( 21.15%) (13284 points) Discoveries: 45 items ( 15.10%) (11657 points) Valuables value: (no points given unless you survive) Artifact value: 1500 (10804 points) Variety of kills: 43 monsters ( 11.29%) (10078 points) Turncount: 6955 turns (-1842 points) Survival: died (score multiplied by 80%) Total score: 44097 Latest messages: Your unlabeled scroll catches fire and burns! You aren't hurt! You hit the fire ant! The fire ant bites! (2x) You're on fire, but it's not that hot. You miss the fire ant. The fire ant bites! (2x) You're on fire, but it's not that hot. The fire ant bites! (2x) You're on fire, but it's not that hot. You miss the fire ant. The fire ant bites! (2x) You're on fire, but it's not that hot. You add to the writing in the dust with your fingers. The fire ant turns to flee! You hit the rothe! The rothe hits! The rothe bites! (2x) You kill the rothe! You miss the fire ant. The fire ant bites! You die... Final status: Aloha Zazza the Tourist, killed by a fire ant... You died in The Dungeons of Doom on dungeon level 11 with 44097 points, and 118 pieces of gold, after 6955 moves. You were level 5 with a maximum of 37 hit points when you died.